[Event "45th FIDE Olympiad 2024"]
[Site "Budapest"]
[Date "2024.09.16"]
[Round "6.166"]
[White "Lam, Daniel King Wai"]
[Black "Nikolovski, Nikola"]
[Result "0-1"]
[WhiteElo "2088"]
[BlackElo "2388"]
[PlyCount "135"]
[EventDate "2024.09.05"]
[EventType "team-tourn"]
[EventCountry "HUN"]
[WhiteTeam "Hong Kong, China"]
[BlackTeam "North Macedonia"]
[TimeControl "40/5400+30:1800+30"]

1. e4 e6 2. d4 d5 3. Nc3 Bb4 4. e5 b6 5. a3 Bf8 6. Nf3 Qd7 7. Ne2 Ba6 8. Ng3 Bxf1 9. Nxf1 Ne7 10. Ng3 c5 11. c3 Nbc6 12. O-O Na5 13. Be3 Nec6 14. b3 Be7 15. Nh5 Rg8 16. Qc2 c4 17. b4 Nb3 18. Rad1 O-O-O 19. Bg5 h6 20. Bxe7 Nxe7 21. Nd2 Nxd2 22. Rxd2 Kb7 23. a4 Qc7 24. b5 Ra8 25. Rdd1 a6 26. bxa6+ Rxa6 27. Rb1 g6 28. Nf6 Rga8 29. Rb4 Nc6 30. Rb2 Na5 31. Qd2 h5 32. Rb4 Nc6 33. Rb5 Rxa4 34. Rfb1 Ra1 35. Qb2 Rxb1+ 36. Qxb1 Qd8 37. g3 Ra6 38. Kg2 Na7 39. Rb4 Nc6 40. Rb5 Kc7 41. Qc1 Qf8 42. h3 Na7 43. Rb1 Kc6 44. Qf4 Nc8 45. Nh7 Qe7 46. Ng5 Ra7 47. h4 b5 48. Qc1 Nb6 49. Qb2 Ra5 50. Kh2 Na4 51. Qd2 Ra7 52. Ra1 b4 53. cxb4 Kb5 54. Qa2 Qc7 55. Qc2 Nb6 56. Rb1 Ra4 57. Qc3 Qe7 58. Qf3 Ra7 59. Kg2 Qc7 60. Rc1 Na4 61. Qe2 Qe7 62. Qf3 Nb2 63. Rb1 Nd3 64. Qe2 Ra4 65. Qf3 Rxb4 66. Rxb4+ Kxb4 67. Kh2 Qa7 68. Qxf7 {0-} 0-1

[Event "45th FIDE Olympiad 2024"]
[Site "Budapest"]
[Date "2024.09.16"]
[Round "6.167"]
[White "Risteski, Emil"]
[Black "Chan, Pui Yin Brandon"]
[Result "1-0"]
[WhiteElo "2367"]
[BlackElo "2016"]
[PlyCount "151"]
[EventDate "2024.09.05"]
[EventType "team-tourn"]
[EventCountry "HUN"]
[WhiteTeam "North Macedonia"]
[BlackTeam "Hong Kong, China"]
[TimeControl "40/5400+30:1800+30"]

1. d4 d5 2. c4 c6 3. cxd5 cxd5 4. Bf4 Nf6 5. e3 Nc6 6. Bd3 Bg4 7. f3 Bh5 8. Qb3 Qd7 9. Nc3 e6 10. Rc1 Bg6 11. Bb5 Be7 12. Na4 Nh5 13. Ne2 Nxf4 14. Nxf4 Rc8 15. Nc5 Bxc5 16. Rxc5 a6 17. Bxc6 Rxc6 18. Rxc6 Qxc6 19. Kd2 O-O 20. Rc1 Qd7 21. Qc3 Re8 22. b3 Qe7 23. Qc7 Qa3 24. Qxb7 Qxa2+ 25. Kd1 Qf2 26. Rc8 Qf1+ 27. Kd2 Qf2+ 28. Ne2 f6 29. Qxa6 Rxc8 30. Qxc8+ Kf7 31. Qc7+ Kf8 32. Qd6+ Kf7 33. Qd7+ Kf8 34. Qd6+ Kf7 35. Qd7+ Kf8 36. Qxe6 Qxg2 37. Qd6+ Ke8 38. Qg3 Qf1 39. Qb8+ Ke7 40. Qb7+ Kf8 41. Qxd5 Qb1 42. Qa8+ Ke7 43. Qa3+ Kf7 44. e4 Qh1 45. Qa7+ Kf8 46. Qc5+ Ke8 47. Qc8+ Ke7 48. Qc7+ Ke8 49. Ke3 Qb1 50. Qc8+ Ke7 51. Qc5+ Ke8 52. b4 Qb3+ 53. Qc3 Qa4 54. Qc8+ Kf7 55. Qc7+ Kg8 56. Qc8+ Kf7 57. Qc4+ Kf8 58. Qc5+ Kg8 59. b5 Qb3+ 60. Kf2 h5 61. Qd5+ Qxd5 62. exd5 Bd3 63. b6 Ba6 64. Nf4 Bb7 65. Ne6 Bxd5 66. Nd8 Kf8 67. b7 Bxb7 68. Nxb7 Ke7 69. Ke3 Ke6 70. Nc5+ Kd5 71. Kd3 h4 72. f4 g5 73. fxg5 fxg5 74. Ne4 Ke6 75. Nxg5+ Kf5 76. Nf3 1-0

[Event "45th FIDE Olympiad 2024"]
[Site "Budapest"]
[Date "2024.09.16"]
[Round "6.168"]
[White "Chan, Wang Ip Boris"]
[Black "Zlatkov, Anton"]
[Result "0-1"]
[WhiteElo "2016"]
[BlackElo "2346"]
[PlyCount "142"]
[EventDate "2024.09.05"]
[EventType "team-tourn"]
[EventCountry "HUN"]
[WhiteTeam "Hong Kong, China"]
[BlackTeam "North Macedonia"]
[TimeControl "40/5400+30:1800+30"]

1. e4 c5 2. Nf3 Nc6 3. d4 cxd4 4. Nxd4 Nf6 5. Nc3 e6 6. Nxc6 bxc6 7. e5 Nd5 8. Ne4 Bb7 9. c4 Nb4 10. Bg5 Qc7 11. f4 c5 12. Nc3 a6 13. Qd2 d6 14. exd6 Qxd6 15. O-O-O Qxd2+ 16. Rxd2 f6 17. Bh4 Rd8 18. Rxd8+ Kxd8 19. Bf2 Kc7 20. Be3 Nc6 21. Bd3 Nd4 22. Be4 Ne2+ 23. Kd2 Nxc3 24. Bxb7 Kxb7 25. Kxc3 Bd6 26. Re1 Re8 27. Bd2 h5 28. a3 Kc6 29. b4 e5 30. fxe5 Bxe5+ 31. Kc2 Rd8 32. Bc3 Bxh2 33. Rh1 Bd6 34. Rxh5 Rb8 35. bxc5 Bxc5 36. g4 Re8 37. g5 Re2+ 38. Kd3 Re3+ 39. Kd2 Rf3 40. gxf6 gxf6 41. Rh6 Be7 42. Bb4 Bd8 43. Rh5 Bc7 44. Ke2 Rf4 45. Kd3 Be5 46. Be7 Rd4+ 47. Ke3 Kd7 48. Rh7 Ke6 49. Bb4 Rxc4 50. Kd3 Rd4+ 51. Kc2 Rd7 52. Rh8 Bd6 53. Bc3 Be5 54. Bb4 Kf5 55. Ra8 Rc7+ 56. Kd3 Rc6 57. Ke3 Bc3 58. Bf8 Kg4 59. Bh6 Re6+ 60. Kf2 Bd4+ 61. Kf1 Kf3 62. Rd8 Rb6 63. Ke1 Be3 64. Bxe3 Kxe3 65. Re8+ Kf4 66. Rc8 f5 67. Rc4+ Kg3 68. Rc3+ Kg4 69. Kf2 f4 70. Rd3 Rb2+ 71. Kf1 Ra2 {0-} 0-1

[Event "45th FIDE Olympiad 2024"]
[Site "Budapest"]
[Date "2024.09.16"]
[Round "6.169"]
[White "Tin, Jingyao"]
[Black "Ssegwanyi, Arthur"]
[Result "1-0"]
[WhiteElo "2580"]
[BlackElo "2365"]
[PlyCount "85"]
[EventDate "2024.09.05"]
[EventType "team-tourn"]
[EventCountry "HUN"]
[WhiteTeam "Singapore"]
[BlackTeam "Uganda"]
[WhiteTeamCountry "SIN"]
[BlackTeamCountry "UGA"]
[TimeControl "40/5400+30:1800+30"]

1. d4 d5 2. c4 e6 3. Nc3 Nf6 4. cxd5 exd5 5. Bg5 c6 6. e3 Be7 7. Bd3 Nbd7 8. h3 O-O 9. Qc2 Re8 10. Bf4 Nf8 11. Nf3 Ng6 12. Bh2 Bd6 13. Bxd6 Qxd6 14. O-O-O Bd7 15. g4 b5 16. Kb1 Rab8 17. Nd2 c5 18. dxc5 Qxc5 19. g5 d4 20. gxf6 dxc3 21. Nb3 Qc7 22. fxg7 b4 23. Rhg1 Kxg7 24. Rg3 Bb5 25. f4 Bxd3 26. Rxd3 Rbc8 27. Nd4 Kf8 28. Rg1 Qb7 29. bxc3 Rxc3 30. Rxc3 bxc3+ 31. Ka1 Rxe3 32. Rb1 Qc7 33. f5 Ne5 34. f6 Rd3 35. Nc6 Rxh3 36. Qg2 c2 37. Rb8+ Qxb8 38. Qg7+ Ke8 39. Qg8+ Kd7 40. Nxb8+ Kc7 41. Na6+ Kb6 42. Kb2 Rc3 43. Qg1+ 1-0

[Event "45th FIDE Olympiad 2024"]
[Site "Budapest"]
[Date "2024.09.16"]
[Round "6.170"]
[White "Egesa, Emmanuel"]
[Black "Siddharth, Jagadeesh"]
[Result "0-1"]
[WhiteElo "2128"]
[BlackElo "2514"]
[PlyCount "106"]
[EventDate "2024.09.05"]
[EventType "team-tourn"]
[EventCountry "HUN"]
[WhiteTeam "Uganda"]
[BlackTeam "Singapore"]
[WhiteTeamCountry "UGA"]
[BlackTeamCountry "SIN"]
[TimeControl "40/5400+30:1800+30"]

1. d4 Nf6 2. Nf3 e6 3. Bf4 b6 4. e3 Bb7 5. Bd3 Be7 6. Nbd2 Nh5 7. Bg3 d6 8. Qe2 Nd7 9. e4 c5 10. c3 cxd4 11. Nxd4 Nxg3 12. hxg3 h6 13. N2f3 O-O 14. O-O-O a6 15. Qe3 Ne5 16. Nxe5 dxe5 17. Nf3 Qc7 18. Rxh6 Qc5 19. Qd2 Rfd8 20. Rdh1 f6 21. Rh7 Bf8 22. Qe2 Kf7 23. g4 Qa5 24. Kb1 Qa4 25. Bc2 Qb5 26. c4 Qc5 27. g5 Rac8 28. gxf6 Kxf6 29. Bb3 b5 30. cxb5 Qxb5 31. Qe3 Qd3+ 32. Qxd3 Rxd3 33. R7h4 Bc5 34. Rf1 Bb6 35. Bc2 Rd6 36. Rh2 Rdc6 37. Bd3 Rd8 38. Bc2 a5 39. Rh5 Ba6 40. Rfh1 Rdc8 41. Rc1 Bd3 42. Ne1 Bxe4 43. Rh3 Bd4 44. a4 Bxf2 45. Rc3 Rxc3 46. bxc3 Bd5 47. Nd3 Bg3 48. Rf1+ Ke7 49. Kb2 g5 50. Nc1 Bf4 51. g4 Rb8+ 52. Nb3 e4 53. Ka3 e3 {0-} 0-1

[Event "45th FIDE Olympiad 2024"]
[Site "Budapest"]
[Date "2024.09.16"]
[Round "6.171"]
[White "Wong, Zhenyong Jayden"]
[Black "Nsubuga, Haruna"]
[Result "1-0"]
[WhiteElo "2397"]
[BlackElo "2243"]
[PlyCount "87"]
[EventDate "2024.09.05"]
[EventType "team-tourn"]
[EventCountry "HUN"]
[WhiteTeam "Singapore"]
[BlackTeam "Uganda"]
[WhiteTeamCountry "SIN"]
[BlackTeamCountry "UGA"]
[TimeControl "40/5400+30:1800+30"]

1. d4 Nf6 2. c4 g6 3. Nc3 Bg7 4. e4 d6 5. f4 O-O 6. Nf3 c5 7. d5 e6 8. Be2 exd5 9. cxd5 Re8 10. e5 dxe5 11. fxe5 Ng4 12. e6 fxe6 13. d6 Ne5 14. O-O Nxf3+ 15. Bxf3 Bd4+ 16. Kh1 Qxd6 17. Ne4 Qe5 18. Bg5 Nd7 19. Qd2 Qc7 20. Rac1 Qb6 21. b4 Qxb4 22. Qxb4 cxb4 23. Nd6 Rf8 24. Rfd1 e5 25. Be7 Rxf3 26. gxf3 Nb6 27. Nxc8 Nxc8 28. Bxb4 Nb6 29. Bc5 Bb2 30. Rc2 Na4 31. Be3 Bc3 32. Rd3 Ba5 33. Rb3 Nb6 34. Rb5 Be1 35. Bxb6 axb6 36. Rxb6 Ra7 37. Rcb2 Bc3 38. Rxb7 Ra5 39. Rc2 Rc5 40. a4 g5 41. a5 g4 42. fxg4 e4 43. a6 e3 44. a7 1-0

[Event "45th FIDE Olympiad 2024"]
[Site "Budapest"]
[Date "2024.09.16"]
[Round "6.172"]
[White "Nyola, Wasswa Mark"]
[Black "Goh, Wei Ming Kevin"]
[Result "0-1"]
[WhiteElo "2070"]
[BlackElo "2449"]
[PlyCount "66"]
[EventDate "2024.09.05"]
[EventType "team-tourn"]
[EventCountry "HUN"]
[WhiteTeam "Uganda"]
[BlackTeam "Singapore"]
[WhiteTeamCountry "UGA"]
[BlackTeamCountry "SIN"]
[TimeControl "40/5400+30:1800+30"]

1. e4 c5 2. Nc3 a6 3. g3 b5 4. Bg2 Bb7 5. Nge2 Nf6 6. O-O e6 7. Re1 b4 8. Nd5 exd5 9. exd5 d6 10. Nd4+ Kd7 11. Nc6 Nxc6 12. dxc6+ Bxc6 13. c4 Bxg2 14. Kxg2 Qb6 15. d4 cxd4 16. Bg5 Re8 17. Rxe8 Kxe8 18. Qf3 Be7 19. Qa8+ Qd8 20. Qc6+ Kf8 21. Re1 h6 22. Bxf6 Bxf6 23. c5 dxc5 24. Qxc5+ Kg8 25. h4 Kh7 26. Qf5+ g6 27. Qd3 Re8 28. Rxe8 Qxe8 29. h5 Qe6 30. hxg6+ fxg6 31. b3 h5 32. Qf3 Bg7 33. Kh2 Qf5 {0-} 0-1

[Event "45th FIDE Olympiad 2024"]
[Site "Budapest"]
[Date "2024.09.16"]
[Round "6.173"]
[White "Wong, Jianwen"]
[Black "Cori, Jorge"]
[Result "0-1"]
[WhiteElo "2231"]
[BlackElo "2609"]
[PlyCount "64"]
[EventDate "2024.09.05"]
[EventType "team-tourn"]
[EventCountry "HUN"]
[WhiteTeam "Malaysia"]
[BlackTeam "Peru"]
[WhiteTeamCountry "MAS"]
[BlackTeamCountry "PER"]
[TimeControl "40/5400+30:1800+30"]

1. c4 e5 2. e3 Nf6 3. Nc3 Bb4 4. Nge2 O-O 5. a3 Bxc3 6. Nxc3 b6 7. Be2 Bb7 8. O-O e4 9. f3 exf3 10. Bxf3 Bxf3 11. Qxf3 Nc6 12. Nd5 Nxd5 13. cxd5 Ne5 14. Qf5 Qe7 15. b3 Rae8 16. Bb2 Qd6 17. d4 Ng6 18. e4 Ne7 19. Qe5 f5 20. Rac1 fxe4 21. Rxf8+ Rxf8 22. Rxc7 Qh6 23. Qxe4 Qd2 24. h3 Qxb2 25. Rxd7 Qf2+ 26. Kh2 Ng6 27. Rxa7 Nh4 28. Kh1 Nf5 29. Qe5 h5 30. d6 h4 31. d7 Ng3+ 32. Kh2 Qg1+ {0-} 0-1

[Event "45th FIDE Olympiad 2024"]
[Site "Budapest"]
[Date "2024.09.16"]
[Round "6.174"]
[White "Flores Quillas, Diego Saul Rodri"]
[Black "Ang, Ern Jie Anderson"]
[Result "1-0"]
[WhiteElo "2451"]
[BlackElo "2132"]
[PlyCount "149"]
[EventDate "2024.09.05"]
[EventType "team-tourn"]
[EventCountry "HUN"]
[WhiteTeam "Peru"]
[BlackTeam "Malaysia"]
[WhiteTeamCountry "PER"]
[BlackTeamCountry "MAS"]
[TimeControl "40/5400+30:1800+30"]

1. e4 e5 2. Nf3 Nc6 3. Bb5 a6 4. Ba4 Nf6 5. d3 b5 6. Bb3 Be7 7. a4 b4 8. a5 d6 9. h3 O-O 10. O-O Rb8 11. Nbd2 Be6 12. Nc4 Nd7 13. Be3 Bf6 14. c3 Nc5 15. Bxc5 dxc5 16. Qc2 Qe7 17. Ncd2 Bxb3 18. Nxb3 Rfd8 19. Rfd1 Rb5 20. cxb4 Rdb8 21. Rdc1 Bg5 22. Nxg5 Qxg5 23. Nxc5 Nd4 24. Qd1 Qg6 25. Rc4 h5 26. Kh1 Rxb4 27. Nd7 Rxc4 28. Nxe5 Qf6 29. Nxc4 Qxf2 30. Qg1 Qxg1+ 31. Kxg1 Ne2+ 32. Kf2 Nf4 33. Ra3 Rd8 34. Ne5 f6 35. Nc6 Rd6 36. Nb4 c5 37. Nd5 Nxd5 38. exd5 Rxd5 39. Rb3 Rd4 40. Rc3 Rb4 41. Rxc5 Rxb2+ 42. Kf3 Rd2 43. Rd5 Kf7 44. Rd6 h4 45. Ke4 Rxg2 46. Rxa6 Rh2 47. Ra7+ Kg6 48. a6 Rxh3 49. Rxg7+ Kxg7 50. a7 Rg3 51. a8=Q h3 52. Qb8 Rg2 53. Ke3 Rg5 54. Qb7+ Kg6 55. Qe4+ f5 56. Qe8+ Kg7 57. d4 Rg2 58. Qh5 h2 59. Kf4 Rg4+ 60. Kxf5 Rxd4 61. Qxh2 Rd5+ 62. Ke4 Rg5 63. Qd6 Kf7 64. Kf4 Rg6 65. Qd5+ Kg7 66. Qe5+ Kf7 67. Kf5 Rg7 68. Qc5 Kg8 69. Qc8+ Kf7 70. Qd8 Rh7 71. Qd5+ Kg7 72. Kg5 Kh8 73. Qd8+ Kg7 74. Qe8 Rh8 75. Qe7+ 1-0

[Event "45th FIDE Olympiad 2024"]
[Site "Budapest"]
[Date "2024.09.16"]
[Round "6.175"]
[White "Kavin, Mohan"]
[Black "Fernandez Sanchez, Fernando Miguel"]
[Result "1/2-1/2"]
[WhiteElo "1997"]
[BlackElo "2399"]
[PlyCount "88"]
[EventDate "2024.09.05"]
[EventType "team-tourn"]
[EventCountry "HUN"]
[WhiteTeam "Malaysia"]
[BlackTeam "Peru"]
[WhiteTeamCountry "MAS"]
[BlackTeamCountry "PER"]
[TimeControl "40/5400+30:1800+30"]

1. d4 Nf6 2. c4 e6 3. Nf3 d5 4. g3 Bb4+ 5. Bd2 Be7 6. Bg2 O-O 7. O-O Nbd7 8. Qc2 c6 9. Rc1 a5 10. b3 Ne4 11. Be3 a4 12. bxa4 Qa5 13. Ne5 Nd6 14. cxd5 exd5 15. Nc3 Nxe5 16. dxe5 Nc4 17. Bd4 Be6 18. e4 dxe4 19. Nxe4 Rfd8 20. Bc3 Qxa4 21. Qe2 Rd7 22. Qh5 h6 23. Bh3 Bxh3 24. Qxh3 Rd5 25. e6 f5 26. Bxg7 Kxg7 27. Nc3 Qa5 28. Nxd5 Qxd5 29. Rab1 b5 30. Qh5 Qxe6 31. Re1 Qf6 32. Re2 Bf8 33. Rbe1 Bb4 34. Re6 Qg5 35. Qxg5+ hxg5 36. Rd1 Nd2 37. Rxc6 Rxa2 38. Rdc1 Ne4 39. Rb1 Bc5 40. Rxb5 Bxf2+ 41. Kf1 Ra7 42. Rxf5 Bxg3 43. Re6 Bxh2 44. Rxe4 Rf7 1/2-1/2

[Event "45th FIDE Olympiad 2024"]
[Site "Budapest"]
[Date "2024.09.16"]
[Round "6.176"]
[White "Delgado Romero, Marco"]
[Black "Azhar, Muhd Syakir Shazmeer"]
[Result "1-0"]
[WhiteElo "2390"]
[BlackElo "2086"]
[PlyCount "123"]
[EventDate "2024.09.05"]
[EventType "team-tourn"]
[EventCountry "HUN"]
[WhiteTeam "Peru"]
[BlackTeam "Malaysia"]
[WhiteTeamCountry "PER"]
[BlackTeamCountry "MAS"]
[TimeControl "40/5400+30:1800+30"]

1. d4 Nf6 2. c4 g6 3. Nc3 Bg7 4. e4 d6 5. h3 O-O 6. Be3 e5 7. d5 Na6 8. g4 Nc5 9. f3 a5 10. Qd2 Ne8 11. h4 f5 12. g5 f4 13. Bf2 h5 14. gxh6 Bxh6 15. O-O-O b6 16. Bh3 Nf6 17. Kb1 Kh7 18. Bxc8 Rxc8 19. Nh3 Ncd7 20. Rdg1 Nh5 21. Nb5 Rg8 22. b3 Qe7 23. Rg2 Ndf6 24. Kb2 Rg7 25. a3 Qd8 26. Qe2 Qd7 27. Ng5+ Bxg5 28. hxg5 Ne8 29. Na7 Ra8 30. Nc6 Kg8 31. Rgg1 Rh7 32. Qf1 Neg7 33. Qg2 Kf7 34. Qg4 Qc8 35. Ra1 Rh8 36. Rag1 Re8 37. Kc3 Kg8 38. Ra1 Kf7 39. b4 a4 40. b5 Rh8 41. Rag1 Re8 42. Qxc8 Rexc8 43. Nb4 Ke7 44. Na6 Rxa6 45. bxa6 Ra8 46. Kb4 Rxa6 47. Kb5 Ra7 48. Kc6 Kd8 49. Rb1 Kc8 50. Rb2 Ra6 51. Kb5 Kb7 52. Kb4 Ra8 53. Kc3 Kc8 54. Bxb6 cxb6 55. Rxb6 Ne8 56. c5 dxc5 57. Rxg6 Ng3 58. Rg8 Kb7 59. Rh7+ Ka6 60. Rhh8 Rb8 61. Rxe8 Rb3+ 62. Kc4 1-0

[Event "45th FIDE Olympiad 2024"]
[Site "Budapest"]
[Date "2024.09.16"]
[Round "6.177"]
[White "Lee, Junhyeok"]
[Black "Kulaots, Kaido"]
[Result "1/2-1/2"]
[WhiteElo "2364"]
[BlackElo "2506"]
[PlyCount "75"]
[EventDate "2024.09.05"]
[EventType "team-tourn"]
[EventCountry "HUN"]
[WhiteTeam "South Korea"]
[BlackTeam "Estonia"]
[BlackTeamCountry "EST"]
[TimeControl "40/5400+30:1800+30"]

1. e4 e5 2. Nf3 Nc6 3. Bb5 Nge7 4. d4 Nxd4 5. Nxd4 exd4 6. Qxd4 Nc6 7. Qe3 Bb4+ 8. Bd2 Bxd2+ 9. Qxd2 O-O 10. Nc3 a6 11. Bxc6 bxc6 12. O-O-O Qe7 13. Rhe1 d6 14. Re3 Rb8 15. Qd4 Be6 16. Nd5 cxd5 17. exd5 Qg5 18. dxe6 fxe6 19. h4 Qf4 20. f3 e5 21. Qxf4 Rxf4 22. Rc3 Rb7 23. g3 Rfb4 24. b3 Kf7 25. a3 R4b5 26. Rc6 R5b6 27. Rc4 Ke6 28. f4 Rb5 29. Re1 a5 30. fxe5 Rxe5 31. Rxe5+ Kxe5 32. Kd2 c5 33. Kd3 Kd5 34. Ra4 Rf7 35. Ke2 Ra7 36. Kd3 Rf7 37. Ke2 Ra7 38. Kd3 1/2-1/2

[Event "45th FIDE Olympiad 2024"]
[Site "Budapest"]
[Date "2024.09.16"]
[Round "6.178"]
[White "Seeman, Tarvo"]
[Black "Ahn, Hongjin"]
[Result "0-1"]
[WhiteElo "2375"]
[BlackElo "2251"]
[PlyCount "202"]
[EventDate "2024.09.05"]
[EventType "team-tourn"]
[EventCountry "HUN"]
[WhiteTeam "Estonia"]
[BlackTeam "South Korea"]
[WhiteTeamCountry "EST"]
[TimeControl "40/5400+30:1800+30"]

1. Nf3 d5 2. g3 Nc6 3. d4 Bf5 4. Bg2 Nb4 5. Na3 e6 6. c3 Nc6 7. Nc2 Be4 8. O-O Nf6 9. Nce1 Bd6 10. Nd3 h6 11. b3 O-O 12. Bb2 Qe7 13. Re1 Nd7 14. c4 Ba3 15. Bxa3 Qxa3 16. cxd5 exd5 17. e3 Rfe8 18. Bf1 a5 19. Nd2 Bf5 20. Qc1 Qd6 21. a3 Nd8 22. Qc3 Ne6 23. b4 b6 24. b5 Rad8 25. Rac1 Re7 26. Qb2 Ree8 27. Rc6 Qe7 28. Rec1 Ndf8 29. R6c3 f6 30. Nf4 Rd7 31. Nxe6 Nxe6 32. Bg2 Qd8 33. a4 Kh8 34. Rc6 Ree7 35. Qb3 Ng5 36. Qa2 Qe8 37. h4 Nh3+ 38. Bxh3 Bxh3 39. Kh2 Bf5 40. Qb3 Qh5 41. Qd1 Bg4 42. f3 Be6 43. Qe1 Qe8 44. Qf2 Qd8 45. Nf1 Rd6 46. g4 Rxc6 47. Rxc6 Bd7 48. Rc3 Re6 49. Ng3 c6 50. bxc6 Rxc6 51. Rxc6 Bxc6 52. Qc2 Qe8 53. Qb3 Qb8 54. Kh3 b5 55. Qc3 Qb6 56. axb5 Qxb5 57. h5 Kg8 58. Nf5 Bd7 59. Nd6 Qb6 60. Nf5 Bxf5 61. gxf5 Qb5 62. Kg3 a4 63. Qc8+ Kh7 64. Qa8 Qb1 65. e4 Qg1+ 66. Kh3 dxe4 67. fxe4 Qe3+ 68. Kh2 Qxd4 69. Kg2 Qd2+ 70. Kf3 Qd1+ 71. Kf2 Qc2+ 72. Kf3 Qb3+ 73. Kg4 a3 74. Qe8 a2 75. Qg6+ Kg8 76. Qe8+ Kh7 77. Qg6+ Kh8 78. Qe8+ Qg8 79. Qa4 Qf7 80. Kf4 Kh7 81. Ke3 Qxh5 82. Qxa2 Qg4 83. Qh2 h5 84. Kf2 Kh6 85. Ke3 h4 86. Kd4 Qg3 87. Qd2+ Kh7 88. Qe2 g6 89. Kd5 Kg7 90. fxg6 h3 91. Kc6 Kxg6 92. Qc4 Qe5 93. Qg8+ Kh5 94. Kd7 Qxe4 95. Qh8+ Kg5 96. Qg8+ Qg6 97. Qa8 Qf5+ 98. Ke7 Qe5+ 99. Kf7 Qc7+ 100. Kf8 f5 101. Qf3 Kf6 {0-} 0-1

[Event "45th FIDE Olympiad 2024"]
[Site "Budapest"]
[Date "2024.09.16"]
[Round "6.179"]
[White "Yun, Hungi"]
[Black "Kanep, Meelis"]
[Result "0-1"]
[WhiteElo "2124"]
[BlackElo "2367"]
[PlyCount "112"]
[EventDate "2024.09.05"]
[EventType "team-tourn"]
[EventCountry "HUN"]
[WhiteTeam "South Korea"]
[BlackTeam "Estonia"]
[BlackTeamCountry "EST"]
[TimeControl "40/5400+30:1800+30"]

1. e4 d6 2. d4 Nf6 3. Nc3 e5 4. Nf3 Nbd7 5. Bc4 Be7 6. O-O O-O 7. Re1 a6 8. a4 b6 9. Ba2 Bb7 10. h3 c6 11. dxe5 dxe5 12. Nh4 Nc5 13. Nf5 Bc8 14. Qf3 Ne8 15. Be3 Bxf5 16. exf5 Qc7 17. Rad1 a5 18. Qg3 Nd7 19. Ne4 Ndf6 20. Ng5 Nh5 21. Qh4 Nhf6 22. Bc1 h6 23. Ne4 Qc8 24. Nxf6+ Bxf6 25. Qh5 Qc7 26. Rd3 Rd8 27. Rg3 Rd4 28. Rg4 Rxg4 29. hxg4 Qd8 30. Qg6 Qe7 31. Bxh6 Kh8 32. Bxg7+ Nxg7 33. Qh6+ Kg8 34. Re3 Bg5 35. Qg6 Qf6 36. Rh3 Qxg6 37. fxg6 Ne6 38. Rh5 Bf6 39. gxf7+ Kxf7 40. g5 Bg7 41. g4 Ke7 42. Rh7 Rh8 43. g6 Rxh7 44. gxh7 Ng5 45. Bg8 Kf6 46. Kf1 Kg6 47. Ke2 Nxh7 48. Bxh7+ Kxh7 49. Ke3 Kg6 50. Ke4 Kf6 51. c3 Bh6 52. f3 Ke6 53. b4 axb4 54. cxb4 Bd2 55. b5 cxb5 56. axb5 Bf4 {0-} 0-1

[Event "45th FIDE Olympiad 2024"]
[Site "Budapest"]
[Date "2024.09.16"]
[Round "6.180"]
[White "Timoshin, Andrei"]
[Black "Huh, Isaak"]
[Result "1/2-1/2"]
[WhiteElo "2230"]
[BlackElo "2114"]
[PlyCount "96"]
[EventDate "2024.09.05"]
[EventType "team-tourn"]
[EventCountry "HUN"]
[WhiteTeam "Estonia"]
[BlackTeam "South Korea"]
[WhiteTeamCountry "EST"]
[TimeControl "40/5400+30:1800+30"]

1. e4 c5 2. Nf3 d6 3. Bb5+ Nd7 4. d4 cxd4 5. Qxd4 a6 6. Bxd7+ Bxd7 7. O-O e5 8. Qd3 h6 9. c4 Nf6 10. Nc3 Be7 11. b3 Qc7 12. Rd1 Rd8 13. Ba3 Be6 14. Rac1 Qa5 15. Bb2 O-O 16. a3 b5 17. Nd5 Nxd5 18. exd5 bxc4 19. bxc4 Bg4 20. h3 Bh5 21. Re1 f5 22. Nd4 Bg5 23. Nc6 Qd2 24. Qb3 Rd7 25. Rb1 f4 26. Qc3 f3 27. g3 Bg6 28. Rbd1 Qc2 29. c5 Qxc3 30. Bxc3 Bc2 31. Ra1 dxc5 32. Bxe5 Rxd5 33. h4 Rc8 34. hxg5 Rxc6 35. gxh6 Rxh6 36. Bf4 Rh3 37. Re5 Rxe5 38. Bxe5 c4 39. Bc3 Rh5 40. Re1 Kf7 41. Re3 Rf5 42. g4 Rf4 43. Kh2 Rxg4 44. Rxf3+ Ke7 45. Rg3 Rxg3 46. Kxg3 g6 47. Kf4 Ke6 48. Ke3 Kd5 1/2-1/2

[Event "45th FIDE Olympiad 2024"]
[Site "Budapest"]
[Date "2024.09.16"]
[Round "6.181"]
[White "Baburin, Alexander"]
[Black "Ferster, Fabian"]
[Result "1/2-1/2"]
[WhiteElo "2376"]
[BlackElo "2184"]
[PlyCount "79"]
[EventDate "2024.09.05"]
[EventType "team-tourn"]
[EventCountry "HUN"]
[WhiteTeam "Ireland"]
[BlackTeam "Liechtenstein"]
[WhiteTeamCountry "IRL"]
[BlackTeamCountry "LIE"]
[TimeControl "40/5400+30:1800+30"]

1. d4 Nf6 2. Nf3 g6 3. g3 Bg7 4. Bg2 d5 5. O-O O-O 6. Be3 Bf5 7. h3 c6 8. Qc1 Re8 9. c4 Nbd7 10. Rd1 Qc8 11. Kh2 e5 12. dxe5 Nxe5 13. Nbd2 Nxc4 14. Nxc4 dxc4 15. Qxc4 Nd5 16. Bd4 b5 17. Qc1 Rxe2 18. Bxg7 Kxg7 19. Rd2 Rxd2 20. Qxd2 Be4 21. Rc1 Nf6 22. Qc3 Qf5 23. Nh4 Qd5 24. f3 Bf5 25. Qxc6 Be6 26. Qxd5 Bxd5 27. f4 Re8 28. Bxd5 Nxd5 29. Rc5 Re2+ 30. Kg1 Nb4 31. Rxb5 Rxb2 32. Nf3 Nd3 33. Rxb2 Nxb2 34. Ne5 Na4 35. Kf2 f6 36. Nc6 Nc3 37. a3 Nb1 38. a4 a5 39. Nxa5 Nc3 40. Nc4 1/2-1/2

[Event "45th FIDE Olympiad 2024"]
[Site "Budapest"]
[Date "2024.09.16"]
[Round "6.182"]
[White "Krieger, Markus"]
[Black "Kanyamarala, Tarun"]
[Result "0-1"]
[WhiteElo "2153"]
[BlackElo "2361"]
[PlyCount "110"]
[EventDate "2024.09.05"]
[EventType "team-tourn"]
[EventCountry "HUN"]
[WhiteTeam "Liechtenstein"]
[BlackTeam "Ireland"]
[WhiteTeamCountry "LIE"]
[BlackTeamCountry "IRL"]
[TimeControl "40/5400+30:1800+30"]

1. e4 c5 2. Nc3 Nc6 3. Bb5 Nd4 4. Nf3 a6 5. Bd3 Nc6 6. O-O d6 7. Bc4 e6 8. a4 Nf6 9. d4 cxd4 10. Nxd4 Bd7 11. Nxc6 Bxc6 12. Qe2 Be7 13. a5 O-O 14. Be3 Rc8 15. Bb6 Qe8 16. Bb3 Nd7 17. Bd4 Bf6 18. Rfd1 Qe7 19. Bxf6 Nxf6 20. Ba4 Qc7 21. Bxc6 Qxc6 22. Rd4 Qc5 23. Raa4 Rfd8 24. Rdc4 Qg5 25. Rxc8 Rxc8 26. Qd1 h6 27. h3 Kh7 28. Rb4 Rc7 29. Qxd6 Rd7 30. Qg3 Qxa5 31. Ra4 Qc5 32. Qf4 b5 33. Rxa6 b4 34. Nd5 Nxd5 35. exd5 Qxd5 36. Ra1 Qc5 37. Qe4+ g6 38. Re1 Rd2 39. Re2 Rd1+ 40. Re1 Rd2 41. Re2 Rd4 42. Qf3 Kg7 43. g3 Rd1+ 44. Kg2 Rb1 45. c3 Qd6 46. Re4 Qa6 47. Re2 Qd6 48. Re4 b3 49. Rf4 Qd7 50. c4 e5 51. Re4 Qc6 52. Rf4 Qd7 53. Re4 Qd2 54. Qe2 Qc1 55. g4 Qh1+ {0-} 0-1

[Event "45th FIDE Olympiad 2024"]
[Site "Budapest"]
[Date "2024.09.16"]
[Round "6.183"]
[White "O'Gorman, Tom"]
[Black "Heron, Andrew"]
[Result "1-0"]
[WhiteElo "2353"]
[BlackElo "2026"]
[PlyCount "37"]
[EventDate "2024.09.05"]
[EventType "team-tourn"]
[EventCountry "HUN"]
[WhiteTeam "Ireland"]
[BlackTeam "Liechtenstein"]
[WhiteTeamCountry "IRL"]
[BlackTeamCountry "LIE"]
[TimeControl "40/5400+30:1800+30"]

1. e4 c5 2. Nf3 d6 3. c3 Nf6 4. Be2 Nbd7 5. Qc2 b6 6. d4 cxd4 7. cxd4 Bb7 8. e5 Rc8 9. Nc3 Bxf3 10. Bxf3 dxe5 11. dxe5 Nxe5 12. Be2 Nc4 13. O-O Qd7 14. Rd1 Qc6 15. Bf3 Qe6 16. Qa4+ Nd7 17. Bd5 Qg4 18. h3 b5 19. Qxb5 1-0